 Dungeon Crawl Stone Soup version 0.32-a0-30-gefbe487952 (webtiles) character file.

Game seed: 8393153011847407103

6751 shadizar the Blocker (level 11, -4/81 (89) HPs)
             Began as a Gnoll Fighter on Jan 19, 2024.
             Was an Elder of Okawaru.
             Killed from afar by a laughing skull (21 damage)
             ... with a bolt of negative energy
             ... on level 8 of the Dungeon.
             The game lasted 00:11:34 (6565 turns).

shadizar the Blocker (Gnoll Fighter)                Turns: 6565, Time: 00:11:45

HP:   -4/81 (89)    AC: 16    Str: 25    XL:     11   Next: 4%
MP:   20/20         EV: 17    Int:  7    God:    Okawaru [****..]
Gold: 370           SH: 20    Dex: 13    Spells: 22/22 levels left

rFire   . . .        k - +3 whip (heavy)
rCold   + . .        p - +2 tower shield
rNeg    . . .        e - +0 chain mail
rPois   .            b - +2 hat of the Orb {rC+}
rElec   .            y - +0 cloak
rCorr   .            (no gloves)
SInv    .            (no boots)
Will    .....        v - amulet of regeneration
Stlth   ++           f - +6 ring of strength
HPRegen 1.13/turn    x - +5 ring of evasion
MPRegen 0.17/turn

%: no passive effects
@: heroic, drained
A: fangs 1, strong nose, distributed training
a: Renounce Religion, Heroism, Finesse


You were on level 8 of the Dungeon.
You worshipped Okawaru.
Okawaru was greatly pleased with you.
You visited 2 branches of the dungeon, and saw 9 of its levels.
You also visited: Sewer and Ossuary.

You collected 370 gold pieces.

Inventory:

Hand Weapons
 a - a +0 flail
 k - a +3 heavy whip (weapon)
Armour
 b - the +2 hat of the Orb (worn) {rC+}
   (You found it on level 6 of the Dungeon)

   rC+:       It protects you from cold.
 e - a +0 chain mail (worn)
 p - a +2 tower shield (worn)
 y - a +0 cloak (worn)
Jewellery
 f - a +6 ring of strength (left hand)
 j - a ring of poison resistance
 t - a ring of magical power
 v - an amulet of regeneration (around neck)
 x - a +5 ring of evasion (right hand)
 D - a ring of fire
Talismans
 u - a flux talisman
Wands
 g - a wand of light (10)
 q - a wand of paralysis (12)
 r - a wand of mindburst (14)
Scrolls
 i - a scroll of blinking
 m - 2 scrolls of fog
 s - 5 scrolls of teleportation
 B - a scroll of fear
Potions
 c - 4 potions of haste
 d - 3 potions of might
 h - a potion of cancellation {unknown}
 l - 2 potions of brilliance
 n - 3 potions of heal wounds
 o - a potion of resistance {unknown}
 w - a potion of lignification {unknown}
 z - a potion of ambrosia {unknown}
 A - 2 potions of magic
 C - a potion of curing {unknown}


   Skills:
 + Level 9.0(14.0) Fighting
 + Level 6.1(11.1) Short Blades
 + Level 6.1(11.1) Long Blades
 + Level 6.1(11.1) Axes
 + Level 7.7(12.7) Maces & Flails
 + Level 6.1(11.1) Polearms
 + Level 6.1(11.1) Staves
 + Level 6.1(11.1) Ranged Weapons
 + Level 6.1(11.1) Throwing
 + Level 9.0(14.0) Armour
 + Level 6.1(11.1) Dodging
 + Level 6.1(11.1) Stealth
 + Level 9.0(14.0) Shields
 + Level 6.1(11.1) Unarmed Combat
 + Level 6.1 Spellcasting
 + Level 5.0 Conjurations
 + Level 5.0 Hexes
 + Level 5.0 Summonings
 + Level 5.0 Necromancy
 + Level 5.0 Translocations
 + Level 5.0 Fire Magic
 + Level 5.0 Ice Magic
 + Level 5.0 Air Magic
 + Level 5.0 Earth Magic
 + Level 5.0 Alchemy
 + Level 6.7 Invocations
 + Level 6.1 Evocations
 + Level 5.5 Shapeshifting


You had 22 spell levels left.
You didn't know any spells.
Your spell library contained the following spells:

 Spells                   Type           Power      Damage    Failure   Level
 Sandblast                Erth           18%        2d7       26%         1
 Passwall                 Erth           9%         N/A       63%         3
 Stone Arrow              Conj/Erth      18%        3d8       63%         3
 Brom's Barrelling Bould  Conj/Erth      9%         2d3       95%         4


Dungeon Overview and Level Annotations

Branches:
Dungeon (8/15)             Temple (1/1) D:5           Sewer (visited)
Ossuary (visited)
   Lair: D:8-11

Altars:
Dithmenos
Fedhas
Gozag
Hepliaklqana
Makhleb
Nemelex Xobeh
Okawaru
Ru
Trog
Uskayaw
Vehumet
Wu Jian
Xom
Yredelemnul
Zin
The Shining One

Shops:
D:4 :[!   D:5 :(

Annotations:
D:3 2 transporters


Innate Abilities, Weirdness & Mutations

You have very sharp teeth.
Your uncanny sense of smell can sniff out nearby items.
Your experience applies equally to all skills.


Message History

You block the laughing skull's attack. The centaur closely misses you.
The centaur kicks you but does no damage.
A troll comes into view.
You hit the centaur.
The centaur is severely wounded.
The laughing skull headbutts you but does no damage.
You block the centaur's attack. x2; You block the laughing skull's attack.
You whack the centaur!
You kill the centaur!
Okawaru accepts your kill. The laughing skull closely misses you.
You miss the laughing skull.
You bite the laughing skull, but do no damage.
The white imp puffs mist at you.
The laughing skull lets out a vicious peal of laugher.
The bolt of negative energy misses you.
You miss the laughing skull.
You are no longer corroded.
The laughing skull gibbers with scorn.
The bolt of negative energy misses you. You block the laughing skull's attack.
You miss the laughing skull. Your bite misses the laughing skull.
The laughing skull headbutts you.
You barely miss the laughing skull. You block the laughing skull's attack.
The laughing skull lets out a vicious peal of laugher.
The bolt of negative energy misses you.
You whack the laughing skull! Your bite misses the laughing skull.
The laughing skull is heavily damaged.
You block the laughing skull's attack.
You whack the laughing skull!
The laughing skull is almost destroyed.
You block the laughing skull's attack.
You closely miss the laughing skull.
The laughing skull is almost destroyed.
The laughing skull cackles spitefully.
The bolt of negative energy hits you!!
You feel drained.
* * * LOW HITPOINT WARNING * * *
The laughing skull cackles spitefully.
The bolt of negative energy hits you!!
You feel drained.
You die...
The laughing skull crumbles to pieces from sheer joy.

........## ........##
#####....## #..#...## ∆
#..##...# ###
##.####..# ∆...
#..###...## #.# #
##..#....###.##.##.##.#
.#..#....##
#..$@z5T.... ........##
#.##$##.##.#
#.......#### ∆##.##
###........# #...# ∆ ∆
#........#####.##
#........##.##.##$#
#........'...$)...#
#........##.##†##!#
#.........#####.# #


You could see a troll, a laughing skull and a white imp.

Vanquished Creatures
  A centaur warrior (D:8)
  A two-headed ogre (D:7)
  A boulder beetle (D:8)
  A manticore (D:8)
  Maurice (D:7)
  An ugly thing (D:8)
  3 steam dragons
  An acid dragon (D:8)
  2 water moccasins
  3 sky beasts
  2 ice beasts
  A black bear (D:7)
  2 ogres
  A centaur (D:8)
  2 kobold brigands (D:6)
  A phantom (D:7)
  4 scorpions
  6 bullfrogs
  A gnoll sergeant (D:8)
  A howler monkey (D:8)
  A bombardier beetle (D:5)
  3 spectral scorpions (Ossuary)
  3 hounds
  2 orc priests
  7 jellies
  3 sleepcaps
  3 centaur skeletons (Ossuary)
  Terence (D:2)
  3 iguanas
  7 orc wizards
  A crocodile zombie (Ossuary)
  11 mummies (Ossuary)
  6 gnolls
  14 adders
  2 river rats (Sewer)
  2 white imps (D:6)
  2 dart slugs
  18 orcs
  11 ball pythons
  18 endoplasms
  5 giant cockroaches
  4 goblins
  3 hobgoblins
  8 jackals
  16 kobolds
  8 quokkas
  6 bats
  A frilled lizard (D:1)
  A gnoll skeleton (Ossuary)
  A kobold skeleton (Ossuary)
  3 orc skeletons (Ossuary)
  7 rats
  10 spectral rats (Ossuary)
227 creatures vanquished.

Vanquished Creatures (others)
  A vampire (D:8)
  An iguana (D:5)
2 creatures vanquished.

Grand Total: 229 creatures vanquished

Notes
Turn   | Place    | Note
-------+----------+-------------------------------------------
     0 | D:1      | shadizar the Gnoll Fighter began the quest for the Orb.
     0 | D:1      | Reached XP level 1. HP: 23/23 MP: 1/1
    60 | D:1      | Reached XP level 2. HP: 25/29 MP: 2/2
   328 | D:1      | Reached XP level 3. HP: 35/35 MP: 3/3
   566 | D:1      | Reached skill level 1 in Invocations
   817 | D:2      | Noticed Terence
   828 | D:2      | Killed Terence
   829 | D:2      | Reached skill level 1 in Short Blades
   829 | D:2      | Reached skill level 1 in Long Blades
   829 | D:2      | Reached skill level 1 in Axes
   829 | D:2      | Reached skill level 1 in Polearms
   829 | D:2      | Reached skill level 1 in Staves
   829 | D:2      | Reached skill level 1 in Ranged Weapons
   829 | D:2      | Reached skill level 1 in Throwing
   829 | D:2      | Reached skill level 1 in Dodging
   829 | D:2      | Reached skill level 1 in Stealth
   829 | D:2      | Reached skill level 1 in Unarmed Combat
   829 | D:2      | Reached skill level 1 in Spellcasting
   829 | D:2      | Reached skill level 1 in Evocations
   829 | D:2      | Reached skill level 1 in Shapeshifting
   829 | D:2      | Reached XP level 4. HP: 23/41 MP: 1/5
  1045 | D:2      | Identified the +7 dagger "Suho" {freeze, *Noise rN+ Int+3}
  1395 | D:2      | Reached skill level 1 in Conjurations
  1395 | D:2      | Reached skill level 1 in Hexes
  1395 | D:2      | Reached skill level 1 in Summonings
  1395 | D:2      | Reached skill level 1 in Necromancy
  1395 | D:2      | Reached skill level 1 in Translocations
  1395 | D:2      | Reached skill level 1 in Fire Magic
  1395 | D:2      | Reached skill level 1 in Ice Magic
  1395 | D:2      | Reached skill level 1 in Air Magic
  1395 | D:2      | Reached skill level 1 in Earth Magic
  1395 | D:2      | Reached skill level 1 in Alchemy
  1885 | D:3      | Found a transporter.
  1906 | D:3      | Found a transporter.
  2064 | D:3      | Reached XP level 5. HP: 44/47 MP: 2/7
  2444 | D:4      | Found Dousm's Distillery.
  2563 | D:4      | Found a basalt altar of Yredelemnul.
  2668 | D:4      | Found a transporter.
  2674 | D:4      | Found Jecar's Antique Armour Emporium.
  2865 | D:4      | Reached skill level 5 in Maces & Flails
  2865 | D:4      | Reached XP level 6. HP: 46/53 MP: 3/9
  3170 | D:4      | Found Xamiryfo's Book Shoppe.
  3180 | D:4      | Found a transporter.
  3414 | D:4      | Found a hide-covered altar of Uskayaw.
  3433 | D:5      | Entered Level 5 of the Dungeon
  3469 | D:5      | Found Vickan's Vocational Training.
  3482 | D:5      | Reached XP level 7. HP: 60/60 MP: 5/10
  3503 | D:5      | Noticed a steam dragon
  3510 | D:5      | Killed a steam dragon
  3598 | D:5      | Found a staircase to the Ecumenical Temple.
  3628 | D:5      | Found Ovyjyumm's Antique Weapon Shop.
  3693 | D:5      | Reached XP level 8. HP: 61/67 MP: 12/12
  3747 | D:5      | Found a glowing drain.
  3770 | Sewer    | Entered a sewer
  3905 | Sewer    | Found a viscous altar of Jiyva.
  4392 | D:5      | Found a glowing golden altar of the Shining One.
  4533 | Temple   | Entered the Ecumenical Temple
  4553 | Temple   | Became a worshipper of Warmaster Okawaru
  4784 | D:6      | Identified the +2 hat of the Orb {rC+}
  4806 | D:6      | Reached * piety under Okawaru
  4824 | D:6      | Found a sand-covered staircase.
  4831 | Ossuary  | Entered an ossuary
  4895 | Ossuary  | Reached XP level 9. HP: 73/73 MP: 14/14
  5435 | D:6      | Found a hazy altar of Hepliaklqana.
  5681 | D:7      | Found a radiant altar of Vehumet.
  5681 | D:7      | Found a shadowy altar of Dithmenos.
  5681 | D:7      | Noticed Maurice
  5685 | D:7      | Found a blossoming altar of Fedhas.
  5702 | D:7      | Something stole 318 gold
  5711 | D:7      | Something stole a ring of poison resistance
  5713 | D:7      | Killed Maurice
  5713 | D:7      | Reached ** piety under Okawaru
  5714 | D:7      | Reached skill level 5 in Invocations
  5949 | D:7      | Noticed a two-headed ogre
  5963 | D:7      | Killed a two-headed ogre
  5963 | D:7      | Reached *** piety under Okawaru
  5964 | D:7      | Reached skill level 5 in Short Blades
  5964 | D:7      | Reached skill level 5 in Long Blades
  5964 | D:7      | Reached skill level 5 in Axes
  5964 | D:7      | Reached skill level 5 in Polearms
  5964 | D:7      | Reached skill level 5 in Staves
  5964 | D:7      | Reached skill level 5 in Ranged Weapons
  5964 | D:7      | Reached skill level 5 in Throwing
  5964 | D:7      | Reached skill level 5 in Dodging
  5964 | D:7      | Reached skill level 5 in Stealth
  5964 | D:7      | Reached skill level 5 in Unarmed Combat
  5964 | D:7      | Reached skill level 5 in Spellcasting
  5964 | D:7      | Reached skill level 5 in Evocations
  5964 | D:7      | Reached XP level 10. HP: 58/82 MP: 15/17
  6491 | D:8      | Noticed a manticore
  6494 | D:8      | Noticed a green ugly thing
  6502 | D:8      | Noticed a centaur warrior
  6504 | D:8      | Reached skill level 5 in Shapeshifting
  6508 | D:8      | Killed a manticore
  6508 | D:8      | Noticed a boulder beetle
  6515 | D:8      | Killed a centaur warrior
  6515 | D:8      | Reached **** piety under Okawaru
  6520 | D:8      | Killed a green ugly thing
  6540 | D:8      | Killed a boulder beetle
  6541 | D:8      | Reached skill level 5 in Conjurations
  6541 | D:8      | Reached skill level 5 in Hexes
  6541 | D:8      | Reached skill level 5 in Summonings
  6541 | D:8      | Reached skill level 5 in Necromancy
  6541 | D:8      | Reached skill level 5 in Translocations
  6541 | D:8      | Reached skill level 5 in Fire Magic
  6541 | D:8      | Reached skill level 5 in Ice Magic
  6541 | D:8      | Reached skill level 5 in Air Magic
  6541 | D:8      | Reached skill level 5 in Earth Magic
  6541 | D:8      | Reached skill level 5 in Alchemy
  6541 | D:8      | Reached XP level 11. HP: 52/89 MP: 18/20
  6565 | D:8      | Killed from afar by a laughing skull

Illustrated notes

Levels and vault maps discovered:
D:1:      minmay_arrival_jagged, layout_loops_ring
D:2:      layout_basic, uniq_terence
D:3:      gammafunk_steamed_eel, layout_basic
D:4:      layout_basic, mainiacjoe_overflow_swirl, serial_shops,
          nicolae_shop_behind_doors, shop_fountains, nicolae_shop_drivethru
D:5:      layout_loops_ring, nicolae_overflow_hidden_temple,
          minmay_temple_entry_large_hall, serial_shops,
          nicolae_shop_statue_plus, gup_sewer_entry_pipe, solitary_fountain,
          nicolae_shop_vocational
D:6:      layout_cave_pools, mainiacjoe_overflow_six_doors_small,
          nicolae_ossuary_entry_ruins, kennysheep_cross_room,
          serial_bayou_crossing
D:7:      layout_loops_ring, chequers_temple_overflow_statue_of_worship,
          minmay_a_box_with_orc_wizards_in_it, uniq_maurice
D:8:      hangedman_cross_veins, layout_layer_cave, old_standard_altar,
          minmay_lair_entry_lava, serial_shops, nicolae_shop_hallway_stairs,
          minmay_misc_feat_rows, uniq_gastronok, uniq_erica, uniq_jeremiah,
          uniq_prince_ribbit1
Temple:   nicolae_temple_bog_church

Skill      XL: |  1  2  3  4  5  6  7  8  9 10 |
---------------+-------------------------------+-----
Invocations    | 1 2 3 4 5 6 |  6.7
Short Blades   | 1 2 3 5 6 |  6.1
Long Blades    | 1 2 3 5 6 |  6.1
Axes           | 1 2 3 5 6 |  6.1
Polearms       | 1 2 3 5 6 |  6.1
Staves         | 1 2 3 5 6 |  6.1
Ranged Weapons | 1 2 3 5 6 |  6.1
Throwing       | 1 2 3 5 6 |  6.1
Dodging        | 1 2 3 5 6 |  6.1
Stealth        | 1 2 3 5 6 |  6.1
Unarmed Combat | 1 2 3 5 6 |  6.1
Spellcasting   | 1 2 3 5 6 |  6.1
Evocations     | 1 2 3 5 6 |  6.1
Shapeshifting  | 1 2 3 4 5 |  5.5
Conjurations   | 1 2 3 4 5 |  5.0
Hexes          | 1 2 3 4 5 |  5.0
Summonings     | 1 2 3 4 5 |  5.0
Necromancy     | 1 2 3 4 5 |  5.0
Translocations | 1 2 3 4 5 |  5.0
Fire Magic     | 1 2 3 4 5 |  5.0
Ice Magic      | 1 2 3 4 5 |  5.0
Air Magic      | 1 2 3 4 5 |  5.0
Earth Magic    | 1 2 3 4 5 |  5.0
Alchemy        | 1 2 3 4 5 |  5.0
Maces & Flails | 5 6 7 |  7.7
Fighting       | 7 8 9 |  9.0
Armour         | 7 8 9 |  9.0
Shields        | 7 8 9 |  9.0

Action                     |  1- 3 |  4- 6 |  7- 9 | 10-12 || total
---------------------------+-------+-------+-------+-------++-------
  Melee: Flail             |    64 |       |       |       ||    64
         Bite              |    11 |    27 |    44 |    14 ||    96
         Whip              |    37 |   219 |   374 |   140 ||   770
 Invoke: Heroism           |       |       |     1 |     2 ||     3
    Use: Scroll            |       |     6 |    11 |       ||    17
         Potion            |       |       |     1 |       ||     1
 Armour: Scale mail        |    67 |    69 |    55 |       ||   191
         Chain mail        |       |       |    69 |    76 ||   145
  Dodge: Dodged            |    47 |    66 |   142 |    57 ||   312
  Block: Buckler           |    33 |    12 |       |       ||    45
         Tower shield      |       |   146 |   400 |   176 ||   722

Table legend: (Time is in decaauts)
 A = Elapsed time spent in this place.
 B = Non-inter-level travel time spent in this place.
 C = Inter-level travel time spent in this place.
 D = Time resting spent in this place.
 E = Time spent auto-exploring this place.
 F = Levels seen in this place.
 G = Mean time per level.
                   A        B        C        D        E       F      G
               +--------+--------+--------+--------+--------+-----+--------+
         Total |   6823 |   6520 |    303 |      0 |   4337 |  11 |  620.3 |
       Dungeon |   6055 |   5792 |    263 |      0 |   3965 |   8 |  756.9 |
        Temple |     40 |      1 |     39 |      0 |      0 |   1 |   40.0 |
         Sewer |    309 |    309 |      0 |      0 |    145 |   1 |  309.0 |
       Ossuary |    417 |    417 |      0 |      0 |    227 |   1 |  417.0 |
               +--------+--------+--------+--------+--------+-----+--------+

Top non-repeatable levels by time:
     D:4: 1125 daAuts
     D:5: 933 daAuts
     D:2: 888 daAuts
     D:1: 797 daAuts
     D:7: 723 daAuts
     D:6: 721 daAuts
     D:3: 642 daAuts
 Ossuary: 417 daAuts
   Sewer: 309 daAuts
     D:8: 223 daAuts
  Temple: 40 daAuts
